 Dungeon Sprint DCSS version 0.22-a0-570-g58866f5d57 (webtiles) character file.

4914 Klosterfrau the Basher (level 10, -16/100 HPs)
             Began as a Deep Dwarf Fighter on June 30, 2018.
             Was the Champion of Makhleb.
             Demolished by a dire elephant (30 damage)
             ... in the Dungeon (Sprint IX: "|||||||||||||||||||||||||||||").
             The game lasted 00:02:28 (609 turns).

Klosterfrau the Basher (Deep Dwarf Fighter)          Turns: 609, Time: 00:02:28

Health: -16/100    AC: 11    Str: 28    XL:     10   Next: 27%
Magic:  12/12      EV: 15    Int: 12    God:    Makhleb [******]
Gold:   39         SH: 14    Dex: 15    Spells: 9/9 levels left

rFire    . . .     SeeInvis .   a - +0 flail
rCold    . . .     Gourm    .   c - +0 shield
rNeg     . . .     Faith    .   p - +2 ring mail
rPois    .         Spirit   .   (no helmet)
rElec    .         Reflect  .   o - +0 cloak
rCorr    .         Harm     .   (no gloves)
MR       +....     NoTele   +   (no boots)
Stlth    +.........             (no amulet)
HPRegen  0.00/turn              r - +3 ring of intelligence
MPRegen  0.13/turn              q - +3 ring of dexterity

@: mighty, non-regenerating
A: damage resistance, heal wounds, sense surroundings 2, no regeneration
a: Heal Wounds, Minor Destruction, Lesser Servant of Makhleb, Major Destruction,
Greater Servant of Makhleb, Renounce Religion


You were in the Dungeon.
You worshipped Makhleb.
Makhleb was exalted by your worship.
You were not hungry.

You visited 1 branch You collected 39 gold pieces.

Inventory:

Hand Weapons
 a - a +0 flail (weapon)
Armour
 b - a +0 scale mail
 c - a +0 shield (worn)
 o - a +0 cloak (worn)
 p - a +2 ring mail (worn)
Jewellery
 q - a +3 ring of dexterity (right hand)
 r - a +3 ring of intelligence (left hand)
Wands
 n - a wand of iceblast (2)
Scrolls
 k - 3 scrolls of blinking
 l - 3 scrolls of remove curse
 m - 2 scrolls of amnesia
 t - 2 scrolls of fear
 u - a scroll of fog
Potions
 d - a potion of brilliance
 e - 5 potions of curing
 g - 6 potions of heal wounds
 h - a potion of haste
 i - 4 potions of magic
 j - a potion of invisibility
 s - a potion of might
Comestibles
 f - a ration
 v - 2 chunks of flesh


   Skills:
 + Level 9.7 Fighting
 + Level 14.8 Maces & Flails
 + Level 11.1 Armour
 + Level 6.8 Dodging
 + Level 12.4 Shields
 * Level 4.4 Evocations


You had 9 spell levels left.
You didn't know any spells.
Your spell library was empty.

Dungeon Overview and Level Annotations

Branches:
Dungeon (1/1)

Altars:
Cheibriados
Dithmenos
Elyvilon
Fedhas
Gozag
Hepliaklqana
Kikubaaqudgha
Makhleb
Nemelex Xobeh
Okawaru
Qazlal
Ru
Sif Muna
Trog
Uskayaw
Vehumet
Wu Jian
Xom
Yredelemnul
Zin
The Shining One
Beogh
Jiyva
Lugonu


Innate Abilities, Weirdness & Mutations

You are resistant to damage.
You can heal yourself by infusing magical energy.
You passively map the area around you.
You do not regenerate.


Message History

The dire elephant tramples you but does no damage.
The dire elephant trunk-slaps you.
* * * LOW HITPOINT WARNING * * *
You feel much better.
The dire elephant tramples you but does no damage.
You block the dire elephant's attack.
You hit the dire elephant.
The dire elephant is heavily wounded.
You block the dire elephant's attack. The dire elephant closely misses you.
You bludgeon the dire elephant!!
The dire elephant is severely wounded.
You sock the dire elephant!
The dire elephant is severely wounded.
The dire elephant tramples you!!
* * * LOW HITPOINT WARNING * * *
You stumble backwards!
You bludgeon the dire elephant!!
The dire elephant is almost dead.
The dire elephant tramples you!!
You die...

,, , , + , * * * * * * * ** * , ,
,, , , , , , * * * * *** * , +,
,, , , ∩ ** * * * * * ** * , ,, ,
, ,, , ,
▓▓▓▓▓▓▓▓▓▓▓▓▓▓▓▓▓▓▓▓▓▓▓▓▓▓ *
††.......†......@YYYYY.Y.., ,
▓▓▓▓▓▓▓▓▓▓▓▓▓▓▓▓▓▓▓▓▓▓▓▓▓▓▓▓▓▓▓▓▓
.................................
▓▓▓▓▓▓▓▓▓▓▓▓▓▓▓▓▓▓▓▓▓▓▓▓▓▓▓▓▓▓▓▓▓
___________________'..|).[...†.).
▓▓▓▓▓▓▓▓▓▓▓▓▓▓▓▓▓▓▓▓▓▓▓▓▓▓▓▓▓▓▓▓▓


You could see 2 dire elephants and 4 elephants.

Vanquished Creatures
  2 hydras (D)
  An elephant (D)
  2 spiny frogs (D)
  A troll (D)
  3 hippogriffs (D)
  5 yaks (D)
  2 water moccasins (D)
  3 porcupines (D)
  A sky beast (D)
  2 ogres (D)
  A crocodile (D)
  A big kobold (D)
  A bullfrog (D)
  A wight (D)
  A crimson imp (D)
  A hound (D)
  A jelly (D)
  An iguana (D)
  A worker ant (D)
  An adder (D)
  A leopard gecko (D)
  A giant cockroach (D)
  A goblin (D)
  A bat (D)
  A frilled lizard (D)
  A quokka zombie (D)
  2 rats (D)
40 creatures vanquished.

Notes
Turn   | Place    | Note
-------+----------+-------------------------------------------
     0 | D        | Klosterfrau the Deep Dwarf Fighter began the quest for the Orb.
     0 | D        | Reached XP level 1. HP: 20/20 MP: 1/1
     6 | D        | Reached skill level 3 in Maces & Flails
    18 | D        | Noticed a jelly
    18 | D        | Noticed an ogre
    18 | D        | Noticed an iguana
    22 | D        | Killed a jelly
    22 | D        | Reached skill level 6 in Maces & Flails
    22 | D        | Reached XP level 2. HP: 27/27 MP: 2/2
    22 | D        | Reached XP level 3. HP: 33/33 MP: 3/3
    24 | D        | Killed an ogre
    24 | D        | Reached skill level 9 in Maces & Flails
    24 | D        | Reached XP level 4. HP: 40/40 MP: 4/4
    27 | D        | Reached skill level 10 in Maces & Flails
    27 | D        | Reached XP level 5. HP: 46/46 MP: 5/5
    40 | D        | Found a roughly hewn altar of Beogh.
    40 | D        | Found a snail-covered altar of Cheibriados.
    40 | D        | Found a shadowy altar of Dithmenos.
    40 | D        | Found a white marble altar of Elyvilon.
    40 | D        | Found a blossoming altar of Fedhas.
    40 | D        | Found an opulent altar of Gozag.
    41 | D        | Found a hazy altar of Hepliaklqana.
    42 | D        | Found a viscous altar of Jiyva.
    43 | D        | Found an ancient bone altar of Kikubaaqudgha.
    44 | D        | Found a corrupted altar of Lugonu.
    45 | D        | Found a burning altar of Makhleb.
    46 | D        | Found a sparkling altar of Nemelex Xobeh.
    47 | D        | Found an iron altar of Okawaru.
    48 | D        | Found a stormy altar of Qazlal.
    49 | D        | Found a sacrificial altar of Ru.
    50 | D        | Found a deep blue altar of Sif Muna.
    51 | D        | Found a bloodstained altar of Trog.
    52 | D        | Found a hide-covered altar of Uskayaw.
    53 | D        | Found a radiant altar of Vehumet.
    55 | D        | Became a worshipper of Makhleb the Destroyer
    57 | D        | Found an ornate altar of the Wu Jian Council.
    58 | D        | Found a shimmering altar of Xom.
    59 | D        | Found a basalt altar of Yredelemnul.
    60 | D        | Found a glowing silver altar of Zin.
    61 | D        | Found a glowing golden altar of the Shining One.
   104 | D        | Noticed a sky beast
   104 | D        | Noticed a troll
   104 | D        | Noticed a yak
   107 | D        | Killed a sky beast
   118 | D        | Killed a troll
   118 | D        | Reached skill level 5 in Fighting
   118 | D        | Reached skill level 11 in Maces & Flails
   118 | D        | Reached skill level 1 in Dodging
   118 | D        | Reached XP level 6. HP: 17/61 MP: 6/6
   125 | D        | Killed a yak
   125 | D        | Reached * piety under Makhleb
   125 | D        | Reached XP level 7. HP: 53/68 MP: 7/7
   135 | D        | Reached ** piety under Makhleb
   143 | D        | Noticed a seven-headed hydra
   155 | D        | HP: 3/68 [seven-headed hydra (10)]
   162 | D        | Killed a seven-headed hydra
   162 | D        | Reached skill level 12 in Maces & Flails
   162 | D        | Reached XP level 8. HP: 5/78 MP: 8/8
   176 | D        | Reached *** piety under Makhleb
   183 | D        | Reached skill level 10 in Shields
   303 | D        | Noticed a spiny frog
   309 | D        | Reached skill level 13 in Maces & Flails
   318 | D        | Reached **** piety under Makhleb
   326 | D        | Gained mutation: You passively map the area around you. [Deep Dwarf growth]
   326 | D        | Reached XP level 9. HP: 36/86 MP: 9/9
   344 | D        | HP: 2/86 [spiny frog (9)]
   350 | D        | Killed a spiny frog
   350 | D        | Reached skill level 5 in Dodging
   351 | D        | Noticed an elephant
   358 | D        | Reached ***** piety under Makhleb
   358 | D        | Reached skill level 10 in Armour
   370 | D        | Killed an elephant
   370 | D        | Reached skill level 14 in Maces & Flails
   377 | D        | Noticed an eight-headed hydra
   377 | D        | Noticed a spiny frog
   386 | D        | Killed an eight-headed hydra
   390 | D        | Killed a spiny frog
   509 | D        | Reached skill level 1 in Evocations
   509 | D        | Reached XP level 10. HP: 52/99 MP: 8/10
   536 | D        | Reached ****** piety under Makhleb
   590 | D        | Noticed an elephant
   590 | D        | Noticed a dire elephant
   590 | D        | Noticed an elephant
   590 | D        | Noticed a dire elephant
   590 | D        | Noticed an elephant
   590 | D        | Noticed an elephant
   609 | D        | Demolished by a dire elephant

Vault maps used:
D:        linesprint

Skill      XL: |  1  2  3  4  5  6  7  8  9 10 |
---------------+-------------------------------+-----
Maces & Flails | 6 9 10 11 12 13 14 | 14.8
Fighting       | 5 6 7 9 |  9.7
Armour         | 6 7 9 10 11 | 11.1
Shields        | 7 9 10 12 | 12.4
Dodging        | 1 3 4 6 |  6.8
Evocations     | 1 4 |  4.4

Action                   |  1- 3 |  4- 6 |  7- 9 | 10-12 || total
-------------------------+-------+-------+-------+-------++-------
Melee: Flail             |    13 |    24 |   119 |    83 ||   239
 Abil: Heal Wounds       |       |     2 |     8 |     1 ||    11
Evoke: Wand              |       |       |     8 |       ||     8
  Use: Potion            |     1 |     1 |     2 |     1 ||     5
       Scroll            |       |       |     1 |       ||     1
Armor: Scale mail        |     2 |       |       |       ||     2
       Ring mail         |       |     6 |    18 |    20 ||    44
Dodge: Dodged            |     4 |     9 |    39 |    35 ||    87
Block: Shield            |     8 |    18 |    66 |    33 ||   125

Table legend:
 A = Spawn XP
 B = Non-spawn XP
 C = Spawn XP percentage of total XP
 D = Spawn monster count
 E = Non-spawn monster count
 F = Spawn count percentage of total count
 G = Total turns spent on level
                    A         B        C        D         E        F      G
               +---------+---------+-------+---------+---------+-------+---------
         Total |       0 |    7020 |   0.0 |       0 |      40 |   0.0 |   609
               +---------+---------+-------+---------+---------+-------+---------
             D |       0 |    7020 |   0.0 |       0 |      40 |   0.0 |   609
               +---------+---------+-------+---------+---------+-------+---------
